 Dungeon Crawl Stone Soup version 0.31-a0-692-gf03d1854d5 (webtiles) character file.

Game seed: 1907631623375937733

37 qw the Shooter (level 3, 0/22 HPs)
             Began as a Gargoyle Hunter on Sept 6, 2023.
             Slain by Terence
             ... wielding a +0 trident
              (2 damage)
             ... on level 2 of the Dungeon.
             The game lasted 00:00:23 (617 turns).

qw the Shooter (Gargoyle Hunter)                     Turns: 617, Time: 00:00:24

Health: 0/22       AC:  6    Str: 14    XL:     3   Next: 41%
Magic:  3/3        EV: 11    Int:  9    God:
Gold:   18         SH:  0    Dex: 15    Spells: 2/2 levels left

rFire   . . .        Y - +0 shortbow
rCold   . . .        (shield currently unavailable)
rNeg    + . .        c - +0 leather armour
rPois   inf          (no helmet)
rElec   +            (no cloak)
rCorr   .            (no gloves)
SInv    .            (no boots)
Will    .....        (no amulet)
Stlth   ++           (no ring)
HPRegen 0.23/turn    (no ring)
MPRegen 0.08/turn

%: no passive effects
@: no status effects
A: sickness immunity, AC +3, negative energy resistance 1, electricity
resistance, torment resistance 1, petrification resistance
a: no special abilities


You were on level 2 of the Dungeon.
You visited 1 branch of the dungeon, and saw 2 of its levels.

You collected 18 gold pieces.


Innate Abilities, Weirdness & Mutations

You are immune to sickness and miasma.
Your stone body is resilient. (AC +3)
You are immune to poison.
You resist negative energy. (rN+)
You are resistant to electric shocks. (rElec)
You are resistant to unholy torment.
You are immune to petrification.


   Skills:
 + Level 2.5 Fighting
 - Level 5.0 Ranged Weapons
 - Level 1.5 Dodging
 - Level 1.1 Stealth


You had 2 spell levels left.
You didn't know any spells.
Your spell library was empty.

Inventory:

Hand Weapons
 Y - a +0 shortbow (weapon)
Armour
 c - a +0 leather armour (worn)
Scrolls
 a - a scroll of identify
Potions
 f - a potion of lignification {unknown}

Dungeon Overview and Level Annotations

Branches:
Dungeon (2/15)

Altars:

Shops:
D:1 :

Annotations:
D:2 Terence


Message History

You kill the endoplasm!
Terence the Incautious comes into view.
He is wielding a +0 trident.
You see here a scroll of identify.
You shoot an arrow.
The arrow hits Terence but does no damage.
You hear an angry hiss.
An adder comes into view.
You hear a shout!
You shoot an arrow. The arrow closely misses the adder.
Terence says, "Don't bother to defend, it's pointless."
The adder bites you but does no damage.
You shoot an arrow. The arrow closely misses the adder.
A quokka comes into view.
The adder misses you.
A hobgoblin comes into view.
You shoot an arrow. The arrow hits the adder.
The adder is lightly wounded.
The adder bites you but does no damage. x2
You shoot an arrow. The arrow misses the adder.
The arrow hits the hobgoblin.
The hobgoblin is almost dead.
The adder completely misses you.
Terence hits you from afar with a +0 trident.
The quokka twitches its whiskers.
You shoot an arrow. The arrow barely misses the hobgoblin.
The adder bites you but does no damage.
Terence hits you from afar with a +0 trident!
The hobgoblin hits you. The adder bites you.
You shoot an arrow. The arrow hits the hobgoblin.
You kill the hobgoblin!
Terence barely misses you. The adder barely misses you. Terence misses you.
The adder bites you but does no damage.
You shoot an arrow. The arrow hits the adder.
The adder is heavily wounded.
The adder barely misses you.
Terence hits you from afar with a +0 trident.
The quokka bites you.
You shoot an arrow. The arrow barely misses the adder.
The adder misses you. The quokka misses you.
Terence hits you from afar with a +0 trident.
You die...

#..# ....###
#...#. . # #..?.
...# #$.:## .#.#
#. .@..##...# #.
#rS.#...# #..
#@.....#
#..#####...?.#
#............#
#..##........#
..###...%.......#
.......<....>...#
.....#.##########
....... .......


You could see Terence, an adder and a quokka.

Vanquished Creatures
  A dart slug (D:1)
  3 endoplasms
  4 giant cockroaches
  A goblin (D:1)
  3 hobgoblins
  2 jackals (D:1)
  2 kobolds (D:1)
  3 quokkas
  4 ball pythons
  2 bats (D:1)
  4 frilled lizards (D:1)
  3 rats
32 creatures vanquished.

Notes
Turn   | Place    | Note
-------+----------+-------------------------------------------
     0 | D:1      | qw the Gargoyle Hunter began the quest for the Orb.
     0 | D:1      | Reached XP level 1. HP: 12/12 MP: 1/1
     0 | D:1      | 0 ||| qw: Version: 0.3-a-76-g4403597
     0 | D:1      | 0 ||| qw: Game counter: 115
     0 | D:1      | 0 ||| qw: Melee chars always use a shield: true
     0 | D:1      | 0 ||| qw: God list: Okawaru
     0 | D:1      | 0 ||| qw: Allow faded altars: false
     0 | D:1      | 0 ||| qw: Do Orc after clearing Dungeon:15 true
     0 | D:1      | 0 ||| qw: Do second Lair branch before Depths: true
     0 | D:1      | 0 ||| qw: Lair rune preference: random
     0 | D:1      | 0 ||| qw: Goals: Normal
     0 | D:1      | 0 ||| PLANNING D:1-11
    22 | D:1      | Found Jiblemuo's Book Shop.
    80 | D:1      | Found a faded altar of an unknown god.
    85 | D:1      | Reached XP level 2. HP: 17/17 MP: 2/2
   316 | D:1      | Reached XP level 3. HP: 16/21 MP: 3/3
   479 | D:1      | 479 ||| READING 2 scrolls labelled XIUXURCHEEDI.
   480 | D:1      | 480 ||| READING scroll labelled XIBU NIOLLESCH.
   481 | D:1      | 481 ||| READING scroll labelled NOYPNI FOOCRAX.
   482 | D:1      | 482 ||| READING scroll labelled MURIXT YKKEASEC.
   483 | D:1      | 483 ||| DROPPING scroll of butterflies.
   501 | D:2      | 501 ||| STAIRDANCE
   511 | D:2      | Reached skill level 5 in Ranged Weapons
   511 | D:2      | 511 ||| STAIRDANCE
   541 | D:2      | 541 ||| STAIRDANCE
   608 | D:2      | Noticed Terence
   616 | D:2      | HP: 4/22 [Terence/+0 trident (3)]
   617 | D:2      | Slain by Terence

Levels and vault maps discovered:
D:1:      tarquinn_simple_flora_water_d, layout_rooms, serial_shops,
          nicolae_shop_just_a_little_nook,
          shapermc_ecumenical_altar_starsandcircs
D:2:      layout_rooms, serial_curves, eino_curves_02, eino_curves_01,
          basic_altar, minmay_circle_x, uniq_robin, uniq_terence

Skill      XL: |  1  2  3 |
---------------+----------+-----
Ranged Weapons | 5 |  5.0
Fighting       | |  2.5
Dodging        | |  1.5
Stealth        | |  1.1

Action                     || total
---------------------------++-------
   Fire: Shortbow          ||   104
    Use: Scroll            ||     4
 Armour: Leather armour    ||    50
  Dodge: Dodged            ||    35

Table legend:
 A = Non-vault XP
 B = Vault XP
 C = Vault XP percentage of total XP
 D = Non-vault monster count
 E = Vault monster count
 F = Vault count percentage of total count
                 A         B        C        D         E       F
            +---------+---------+-------+---------+---------+-------
      Total |      39 |      15 |  27.8 |      25 |       7 |  21.9
            +---------+---------+-------+---------+---------+-------
        D:1 |      37 |       5 |  11.9 |      23 |       2 |   8.0
        D:2 |       2 |      10 |  83.3 |       2 |       5 |  71.4
            +---------+---------+-------+---------+---------+-------
